Map: [TLMC14] Blackburn

Players

DRG - Winner!

  • Race: Zerg Zerg

Cure

  • Race: Terran Terran

Event: DreamHack SC2 Masters Last Chance 2022

VOD

Have the link to the VOD?

Description

Time

  • Played on: Jan. 14, 2022, 10:32 a.m.
  • Length: 17:51

All games in this series

Show
View Real Time Build Order
Export as new Build Order

DRG Zerg - Winner!

Build Orders: Hatch First, Lurkers 

Get SALT Encoding   

  12  0:00  Drone  
  13  0:12  Overlord  
  13  0:17  Drone  
  14  0:30  Drone x2  
  16  0:48  Hatchery  
  15  0:51  Drone  
  15  0:54  Drone  
  17  0:58  Drone  
  18  1:09  Extractor  
  17  1:13  Spawning Pool  
  17  1:16  Drone  
  17  1:20  Drone  
  18  1:28  Drone  
  19  1:39  Drone  
  20  1:49  Drone  
  21  2:00  Queen x2  
  21  2:01  Zergling x4  
  27  2:10  Overlord  
  27  2:12  Drone  
  28  2:22  Hatchery  
  27  2:24  Drone  
  27  2:29  Drone  
  29  2:34  Drone  
  29  2:35  Drone  
  30  2:40  Queen  
  32  2:45  Metabolic Boost  
  32  2:50  Overlord  
  32  2:54  Drone  
  32  2:55  Drone  
  32  2:57  Drone  
  35  3:06  Overlord  
  35  3:09  Drone x2  
  35  3:10  Drone  
  35  3:12  Drone  
  39  3:16  Zergling x2  
  39  3:19  Queen  
  42  3:24  Drone  
  44  3:27  Drone  
  44  3:29  Queen  
  44  3:31  Drone  
  47  3:36  Queen  
  49  3:41  Overlord  
  49  3:42  Drone  
  49  3:44  Drone  
  52  3:48  Zergling x2  
  52  3:49  Drone  
  52  3:50  Drone  
  52  3:52  Drone  
  52  3:53  Drone  
  52  3:55  Drone  
  57  3:59  Queen  
  57  4:02  Drone  
  60  4:04  Overlord  
  60  4:07  Drone  
  60  4:09  Overlord  
  61  4:12  Drone  
  61  4:16  Queen  
  64  4:20  Drone  
  64  4:22  Overlord  
  64  4:27  Drone x3  
  64  4:28  Baneling Nest  
  64  4:30  Overlord  
  66  4:32  Drone  
  66  4:35  Drone x2  
  66  4:36  Overlord  
  66  4:38  Drone  
  70  4:40  Drone  
  70  4:42  Zergling x4  
  70  4:45  Drone  
  74  4:48  Overlord  
  74  4:54  Lair  
  74  4:56  Drone x5  
  74  4:59  Extractor x2  
  77  5:00  Queen, Extractor  
  77  5:04  Zergling x4  
  80  5:07  Zergling x2  
  80  5:10  Drone  
  80  5:11  Drone x3  
  85  5:15  Zergling x6  
  85  5:16  Baneling x6, Extractor  
  85  5:17  Baneling  
  87  5:23  Drone x3  
  90  5:30  Extractor  
  90  5:32  Drone x2  
  90  5:35  Zergling x6  
  95  5:42  Drone  
  95  5:43  Drone x5, Hatchery  
  95  5:48  Zergling x2  
  95  5:49  Zergling x4  
  102  5:51  Baneling x9  
  102  5:53  Zergling x2  
  103  5:57  Zergling x2  
  103  5:58  Zergling x2  
  103  6:02  Zergling x4  
  104  6:07  Zergling x6  
  104  6:09  Centrifugal Hooks  
  103  6:13  Spire  
  103  6:14  Drone x4  
  106  6:19  Overlord  
  106  6:20  Overlord  
  106  6:22  Overlord  
  106  6:25  Overlord  
  103  6:36  Zergling x4  
  105  6:41  Zergling x12  
  105  6:44  Overlord  
  111  6:50  Overlord  
  111  6:52  Spore Crawler  
  110  6:54  Spore Crawler  
  110  6:55  Spore Crawler  
  108  7:03  Drone x2  
  108  7:06  Drone x11  
  120  7:15  Drone  
  120  7:22  Zergling x12  
  118  7:23  Evolution Chamber  
  118  7:28  Zerg Flyer Weapons Level 1  
  115  7:31  Extractor  
  115  7:32  Extractor  
  115  7:33  Mutalisk x4  
  121  7:41  Spore Crawler  
  118  7:45  Mutalisk x4  
  118  7:49  Drone x4  
  130  7:55  Drone  
  130  7:56  Zerg Ground Armor Level 1  
  130  7:57  Evolution Chamber  
  130  7:59  Drone x5  
  130  8:03  Mutalisk  
  130  8:04  Mutalisk  
  139  8:07  Drone x3  
  139  8:11  Mutalisk  
  139  8:12  Mutalisk  
  146  8:14  Baneling x3  
  146  8:19  Drone x3  
  149  8:25  Zerg Melee Weapons Level 1  
  149  8:30  Zergling x8  
  153  8:35  Overlord  
  153  8:39  Mutalisk x3  
  159  8:42  Hatchery  
  159  8:45  Mutalisk  
  159  8:47  Overlord x3  
  160  8:53  Infestation Pit  
  160  8:54  Hydralisk Den  
  160  8:55  Pneumatized Carapace, Overseer  
  158  8:57  Zergling x8  
  158  8:59  Zergling x2  
  158  9:00  Zergling x4  
  165  9:11  Overseer  
  165  9:15  Drone  
  165  9:16  Drone x8  
  174  9:19  Zergling x2  
  174  9:20  Zergling x16  
  183  9:27  Zergling x10  
  183  9:30  Hive  
  183  9:31  Muscular Augments  
  187  9:33  Lurker Den  
  187  9:34  Lurker Den  
  185  9:38  Hydralisk x3  
  185  9:41  Overlord  
  191  9:47  Overlord  
  191  9:49  Overlord, Extractor  
  191  9:52  Zerg Ground Armor Level 2  
  190  9:53  Extractor  
  190  9:55  Drone  
  190  9:57  Baneling x10, Evolution Chamber  
  190  9:58  Hydralisk x2  
  193  10:01  Hydralisk x2  
  197  10:12  Zergling x4  
  197  10:16  Zerg Flyer Weapons Level 2  
  197  10:20  Zergling x4  
  199  10:22  Zerg Melee Weapons Level 2  
  199  10:24  Zerg Missile Weapons Level 1  
  199  10:28  Zergling x4  
  199  10:42  Grooved Spines  
  199  10:43  Overseer  
  199  10:45  Adaptive Talons, Adrenal Glands, Seismic Spines  
  199  10:48  Baneling  
  199  10:49  Baneling x7  
  199  11:06  Zergling x4, Nydus Network  
  199  11:07  Nydus Network  
  195  11:14  Zergling x10  
  195  11:16  Baneling x9  
  198  11:20  Overseer x2  
  198  11:24  Baneling x7  
  192  11:31  Zergling x2  
  192  11:32  Zergling x6  
  182  11:37  Lurker x4  
  182  11:38  Zergling x12  
  188  11:40  Zergling x14  
  188  11:43  Nydus Canal x2  
  195  11:50  Lurker x2  
  195  11:51  Zergling x10  
  200  11:58  Nydus Canal  
  186  12:03  Zergling x18  
  186  12:06  Baneling x12  
  186  12:08  Zergling x12  
  183  12:16  Zergling x30  
  183  12:17  Baneling x5  
  183  12:18  Hydralisk  
  183  12:19  Hydralisk x2  
  190  12:25  Zergling x12  
  190  12:27  Hydralisk x3  
  190  12:29  Baneling x6  
  194  12:35  Zergling x2  
  162  12:38  Hatchery, Zergling x16  
  162  12:39  Zergling x8  
  162  12:40  Hydralisk x3  
  162  12:41  Hydralisk  
  162  12:42  Baneling x7  
  169  12:45  Zergling x8  
  169  12:50  Hydralisk x2  
  166  12:53  Zergling x4  
  166  12:57  Nydus Canal  
  165  12:59  Baneling, Lurker x3  
  157  13:05  Zergling x14  
  157  13:08  Lurker x2  
  164  13:14  Drone x2  
  164  13:17  Extractor  
  164  13:18  Lurker x2  
  167  13:21  Zergling x14  
  174  13:28  Lurker x3  
  174  13:29  Baneling  
  174  13:30  Hatchery  
  176  13:35  Zerg Missile Weapons Level 2  
  176  13:39  Zergling x2  
  176  13:40  Zergling x14  
  184  13:46  Drone x3  
  184  13:47  Overlord x3  
  181  13:49  Zerg Ground Armor Level 3  
  177  13:56  Zerg Melee Weapons Level 3  
  177  14:00  Zergling x2  
  177  14:01  Zergling x8  
  174  14:08  Zergling x14  
  174  14:09  Baneling x10  
  179  14:11  Zergling x14  
  179  14:16  Hydralisk x3  
  180  14:20  Drone x6  
  186  14:25  Overseer  
  186  14:27  Nydus Canal  
  186  14:28  Lurker x2  
  186  14:29  Zergling x12  
  194  14:36  Spore Crawler  
  193  14:41  Zergling x8  
  197  14:49  Zergling x16  
  190  14:58  Baneling x10, Zergling x2  
  190  14:59  Zergling x12  
  194  15:01  Zergling x12  
  195  15:10  Zergling x16  
  195  15:11  Viper x2  
  187  15:14  Hydralisk  
  187  15:15  Hydralisk x3  
  190  15:30  Drone x2, Viper  
  190  15:32  Lurker  
  190  15:33  Lurker x2  
  198  15:39  Overseer x2  
  189  15:50  Zergling x14  
  189  15:55  Zergling x10  
  183  15:59  Nydus Canal x2  
  167  16:05  Zergling x12  
  167  16:07  Queen x4  
  167  16:08  Hydralisk x7  
  186  16:13  Zergling x12  
  186  16:27  Hatchery, Nydus Canal  
  186  16:30  Hydralisk x2  
  186  16:31  Overlord x2  
  186  16:34  Overlord  
  186  16:35  Baneling x9  
  186  16:36  Baneling x2  
  186  16:38  Overseer  
  179  16:52  Hydralisk x2  
  173  16:54  Lurker x5  
  173  16:55  Lurker x4  
  172  17:08  Lurker x2  
  172  17:13  Zergling x12  
  172  17:15  Baneling x8  
  179  17:18  Drone x6  
  181  17:25  Hydralisk x5  
  185  17:39  Nydus Canal x2  
Show
View Real Time Build Order
Export as new Build Order

Cure Terran 

Build Orders: Reaper Expand 

Get SALT Encoding   

  12  0:00  SCV  
  13  0:12  SCV  
  14  0:17  Supply Depot  
  14  0:24  SCV  
  15  0:38  SCV  
  15  0:41  Barracks  
  16  0:43  Refinery  
  16  0:50  SCV  
  17  1:03  SCV  
  18  1:15  SCV  
  19  1:28  Reaper, Orbital Command  
  20  1:39  Command Center  
  20  1:49  Supply Depot  
  20  1:53  SCV  
  21  2:00  Marine  
  22  2:05  SCV  
  23  2:14  Factory  
  23  2:17  SCV  
  23  2:20  Barracks Reactor  
  24  2:29  SCV  
  25  2:39  Command Center  
  25  2:41  SCV  
  26  2:51  Orbital Command  
  26  2:54  SCV  
  27  2:58  Barracks  
  27  3:06  SCV  
  27  3:08  Hellion x2  
  27  3:10  Marine  
  33  3:14  Refinery  
  33  3:17  SCV  
  33  3:19  SCV  
  35  3:29  SCV, Barracks Tech Lab  
  35  3:31  SCV  
  37  3:41  SCV  
  37  3:42  Factory Reactor  
  37  3:43  SCV  
  39  3:51  Stimpack, Marine x3  
  39  3:52  Starport, Orbital Command  
  39  3:53  SCV  
  43  3:55  SCV  
  44  4:04  Supply Depot  
  44  4:05  SCV  
  44  4:08  SCV, Marine  
  44  4:09  Marine x2  
  49  4:16  Supply Depot  
  49  4:18  SCV  
  49  4:20  SCV  
  51  4:24  Hellion x2  
  51  4:26  Marine  
  51  4:27  Supply Depot  
  57  4:31  Medivac  
  57  4:32  Marine x2  
  57  4:34  Orbital Command  
  57  4:36  SCV x2  
  62  4:41  Supply Depot  
  62  4:46  Hellion x2  
  62  4:47  Marine  
  62  4:48  SCV x2  
  62  4:50  Marine x2  
  71  4:54  Armory  
  71  4:59  SCV  
  72  5:00  SCV x2  
  72  5:01  Medivac  
  72  5:04  Supply Depot  
  76  5:07  Hellion x2  
  76  5:09  Marine x2  
  76  5:10  Marine  
  83  5:14  Supply Depot  
  83  5:17  SCV x3  
  86  5:22  Refinery  
  86  5:23  Refinery  
  86  5:27  Marine x3  
  89  5:31  Hellion x2, Medivac  
  89  5:35  Combat Shield  
  95  5:39  SCV  
  95  5:40  SCV  
  95  5:41  Supply Depot, SCV  
  98  5:47  Marine x3  
  101  5:53  SCV x3  
  101  5:55  Widow Mine x2, Hellion  
  105  6:05  Marine x3  
  105  6:09  Medivac  
  98  6:11  SCV x3  
  98  6:16  Engineering Bay x2  
  101  6:19  Widow Mine x2  
  101  6:23  SCV x2, Marine x3  
  101  6:24  SCV  
  111  6:29  Barracks  
  111  6:36  SCV x3  
  112  6:40  Marine  
  112  6:41  Marine x2  
  112  6:43  Terran Infantry Weapons Level 1, Terran Infantry Armor Level 1  
  115  6:49  Barracks  
  115  6:50  Factory Reactor, Barracks  
  115  6:51  SCV x2  
  117  6:57  Supply Depot  
  117  6:58  Supply Depot x2  
  117  7:15  SCV x2  
  117  7:18  Medivac x2, SCV, Marine x3  
  117  7:19  Barracks Reactor  
  117  7:22  Factory  
  123  7:26  Supply Depot, Command Center  
  123  7:27  SCV  
  123  7:28  Supply Depot  
  124  7:30  Widow Mine x2  
  124  7:34  SCV x2  
  124  7:36  Marine x3  
  131  7:39  SCV  
  130  7:46  Barracks Reactor x2  
  130  7:48  SCV  
  130  7:50  SCV, Refinery x2  
  132  7:51  SCV, Medivac  
  132  7:52  Medivac  
  132  7:54  Marine x3  
  132  7:57  Widow Mine x2  
  144  8:00  Terran Vehicle And Ship Armor Level 1  
  142  8:08  Marine x2  
  142  8:10  Factory Tech Lab  
  142  8:11  Marine x2  
  146  8:16  Marine  
  146  8:18  Missile Turret  
  146  8:19  Missile Turret  
  145  8:21  Missile Turret  
  145  8:26  Marine x2  
  147  8:29  Marine x2, Barracks  
  147  8:30  Barracks x2  
  147  8:31  Drilling Claws, Thor  
  155  8:36  Missile Turret  
  155  8:40  Widow Mine x2  
  155  8:41  SCV x3  
  161  8:43  Terran Infantry Weapons Level 2  
  161  8:44  Terran Infantry Armor Level 2  
  161  8:45  Concussive Shells  
  161  8:46  Marauder  
  164  8:56  Marine x2  
  164  8:57  Marine x2  
  164  8:58  Medivac x2  
  172  9:02  Missile Turret  
  172  9:05  Missile Turret  
  172  9:09  Planetary Fortress  
  172  9:11  Missile Turret  
  172  9:16  Supply Depot x3  
  172  9:17  Barracks Tech Lab x2  
  172  9:19  Supply Depot  
  172  9:21  Barracks Tech Lab, Sensor Tower  
  172  9:25  Missile Turret  
  172  9:29  Barracks  
  172  9:30  Barracks  
  172  9:32  Command Center  
  172  9:36  Widow Mine  
  172  9:37  Missile Turret, Widow Mine  
  172  9:38  Missile Turret  
  174  9:39  Thor  
  174  9:41  Marauder  
  174  9:42  Marauder  
  183  9:46  Marauder x2  
  183  9:50  Missile Turret  
  183  9:52  Medivac x2  
  195  10:00  Widow Mine x2  
  195  10:06  Missile Turret  
  195  10:08  Marauder x2, Missile Turret x3  
  195  10:12  Missile Turret  
  199  10:14  Sensor Tower  
  199  10:27  Marauder  
  200  10:35  Terran Vehicle And Ship Armor Level 2  
  200  10:36  Barracks Tech Lab  
  200  10:37  Barracks Tech Lab  
  200  10:46  Command Center  
  200  10:49  Command Center  
  193  11:29  Marine x4  
  193  11:30  Marauder x3, Marine x2  
  193  11:32  Missile Turret, Thor  
  199  11:33  Widow Mine  
  199  11:35  Terran Infantry Weapons Level 3, Terran Infantry Armor Level 3  
  199  11:37  Missile Turret, Planetary Fortress  
  199  11:39  Missile Turret  
  197  11:41  Marauder x2  
  193  12:05  Marauder x2, Marine x4  
  191  12:09  Marauder, Marine x3  
  191  12:10  Marauder x2  
  187  12:17  Marauder, Marine  
  192  12:22  Marine x2  
  192  12:23  Marine x2  
  192  12:27  Marauder x2, Marine x2  
  195  12:31  Marauder x2  
  195  12:33  Marine  
  195  12:35  Marine  
  175  12:38  Marauder  
  175  12:39  Marauder  
  175  12:40  Marine x3  
  162  12:45  Marine x2  
  162  12:48  Marauder  
  161  12:52  Marauder x2  
  161  12:53  Marine  
  161  12:58  Marine x3  
  156  12:59  Marauder  
  156  13:00  Marauder  
  156  13:02  Marine  
  156  13:03  Marine  
  156  13:05  Barracks x2  
  152  13:07  SCV x4  
  152  13:08  SCV, Orbital Command  
  152  13:09  Marauder, Orbital Command  
  152  13:10  Marine  
  159  13:13  Marauder  
  159  13:14  Marauder  
  159  13:15  Factory  
  159  13:16  Marine x3  
  159  13:18  Barracks  
  159  13:19  Barracks  
  166  13:20  Marine x2  
  166  13:21  Marauder x2  
  166  13:22  Missile Turret  
  166  13:24  Missile Turret, SCV  
  166  13:27  SCV x4  
  175  13:28  Marine  
  175  13:31  Marauder  
  180  13:36  SCV  
  180  13:39  SCV x2  
  183  13:45  Barracks Tech Lab  
  183  13:47  Marine x4  
  183  13:48  Marauder x2  
  191  13:51  SCV x4  
  191  13:52  SCV  
  177  14:04  Factory Reactor  
  177  14:07  Barracks Tech Lab  
  177  14:08  Starport, Barracks Tech Lab  
  176  14:10  Starport  
  176  14:11  Marauder x2, Marine x4  
  176  14:16  Marauder, Barracks Tech Lab  
  176  14:17  Marauder  
  184  14:18  Barracks Reactor  
  184  14:19  SCV  
  184  14:20  Marine  
  186  14:37  Starport, Marine x4  
  186  14:38  Marauder x2  
  194  14:51  Marine x2  
  194  14:52  Marauder x2, Marine x4  
  192  14:59  Marauder  
  192  15:02  Medivac  
  192  15:04  Widow Mine x2, Marine x2  
  192  15:05  Marauder  
  178  15:08  Marine x2  
  178  15:10  Marauder  
  178  15:11  Orbital Command  
  170  15:23  SCV x2  
  170  15:27  SCV x2  
  174  15:31  SCV  
  174  15:35  SCV x2  
  176  15:38  SCV  
  176  15:39  SCV  
  180  15:46  Ghost Academy  
  180  15:48  Marine x2  
  180  15:49  Marauder  
  180  16:01  Marauder, Marine x4  
  167  16:15  Marine x3  
  167  16:16  Marauder x2, Marine x2  
  161  16:19  Marauder  
  161  16:21  Marine x2  
  161  16:23  Marine  
  166  16:29  Marine x3  
  166  16:30  Marauder  
  156  16:39  Marauder, Marine x3  
  153  16:45  Marine x2  
  153  16:49  Marauder, Marine x3  
  143  16:54  Marine x2  
  143  16:55  Marauder  
  143  16:57  Marine  
  135  17:03  Marauder, Marine x2  
  135  17:06  Marine  
  135  17:07  Marauder, Marine  
  143  17:10  Marine  
  143  17:12  Marine  
  143  17:13  Marauder  
  143  17:14  Marine  
  143  17:15  Marine  
  143  17:16  Marine  
  143  17:20  Marine  
  142  17:24  Marine  
  142  17:25  Marauder, Marine  
  142  17:28  Marine  
  142  17:29  Marauder  
  146  17:30  Marine  
  146  17:32  Marine  
  146  17:33  Marine  

Tags
 
Add a new tag
Caveats
  • Supply blocks, unpowered buildings, or Contaminate may cause inaccurate times.
  • Supply counts are checked every 10 seconds.